 Dungeon Crawl Stone Soup version 0.23.2-40-g277498a (webtiles) character file.

Game seed: 4246859854656728439

132 DimondSprtn the Insei (level 5, -3/34 HPs)
             Began as an Octopode Transmuter on Oct 12, 2019.
             Was an Initiate of Ru.
             Slain by an ogre
             ... wielding a +0 giant club
              (30 damage)
             ... on level 3 of the Dungeon.
             The game lasted 00:06:45 (3148 turns).

DimondSprtn the Insei (Octopode Transmuter)         Turns: 3148, Time: 00:06:45

Health: -3/34      AC:  2    Str:  9    XL:     5   Next: 15%
Magic:  5/8        EV: 21    Int: 20    God:    Ru [......]
Gold:   201        SH:  0    Dex: 19    Spells: 2/8 levels left

rFire    . . .     SeeInvis .     - Unarmed
rCold    . . .     Gourm    .   (shield currently unavailable)
rNeg     . . .     Faith    .   (helmet currently unavailable)
rPois    x         Spirit   .   (no amulet)
rElec    .         Reflect  .   o - +5 ring of intelligence
rCorr    .         Harm     .   (no ring)
MR       .....                  (no ring)
Stlth    ..........             (no ring)
HPRegen  0.11/turn              (no ring)
MPRegen  0.11/turn              (no ring)
                                (no ring)
                                (no ring)

@: lethally poisoned (-3 -> -4), spider-form
A: tiny, almost no armour, stealthy swim, (amphibious), 8 rings, (constrict 8),
no stealth
a: End Transformation, Renounce Religion


You were on level 3 of the Dungeon.
You worshipped Ru.
Ru was noncommittal.
You were not hungry.
You were a venomous arachnid creature.
You visited 1 branch of the dungeon, and saw 3 of its levels.

You collected 201 gold pieces.

Inventory:

Missiles
 a - 23 arrows
 u - 6 tomahawks (quivered)
Jewellery
 o - a +5 ring of intelligence (left front leg)
Scrolls
 b - a scroll of enchant weapon {unknown}
 d - a scroll of remove curse
 g - a scroll of magic mapping {unknown}
 i - a scroll of enchant armour {unknown}
 k - 3 scrolls of teleportation
 m - a scroll of fear {unknown}
 n - a scroll of amnesia {unknown}
 t - a scroll of fog {unknown}
Potions
 e - 2 potions of lignification
 h - a potion of magic {unknown}
 j - a potion of flight {unknown}
 l - 2 potions of heal wounds {unknown}
 q - 2 potions of agility {unknown}
 s - a potion of berserk rage {unknown}
Comestibles
 c - 7 rations
 r - 4 chunks of flesh


   Skills:
 + Level 2.0 Fighting
 + Level 2.6 Dodging
 * Level 4.0 Unarmed Combat
 - Level 2.0 Spellcasting
 * Level 3.4 Transmutations


You had 2 spell levels left.
You knew the following spells:

 Your Spells              Type           Power        Failure   Level  Hunger
a - Beastly Appendage     Tmut           ###...       13%         1    #......
b - Sticks to Snakes      Tmut           ###.....     17%         2    ##.....
c - Spider Form           Tmut/Pois      #.........   45%         3    ###....

Your spell library contained the following spells:

 Spells                   Type           Power        Failure   Level  Hunger
 Ice Form                 Ice/Tmut       #.......     80%         4    #####..
 Blade Hands              Tmut           ###.......   88%         5    ######.


Dungeon Overview and Level Annotations

Branches:
Dungeon (3/15)

Altars:
Ru

Annotations:
D:3 2 transporters, silentkaos13's ghost, amateur DsNe


Innate Abilities, Weirdness & Mutations

You cannot wear most types of armour.
You are very stealthy in the water. (Stealth+)
((You are amphibious.))
You can wear up to eight rings at the same time.
((You can use your tentacles to constrict eight enemies at once.))
((Your skin changes colour to match your surroundings (Stealth+).))
((Your rubbery body absorbs attacks. (AC +1, EV +1)))
You cannot be stealthy.


Message History

You feel sick.
The ogre shouts!
You hear a shout! x3
Your transformation is almost over.
You feel sick.
Casting: Beastly Appendage (safe; 4% risk of failure)
Confirm with . or Enter, or press ? or * to list all spells.
Your tentacle spike disappears.
You turn into a venomous arachnid creature.
You barely miss the orc. The orc misses you.
You hit the orc.
The orc is severely wounded.
The orc misses you.
You bite the orc!
You kill the orc!
You feel sick.
You hit the ogre.
The ogre is poisoned.
The ogre is moderately wounded.
The ogre hits you with a +0 giant club!!
Ouch! That really hurt!
You die...

#.......# #.# ###.#
####.#### #.# #.# #.# ##.##
#.# #.# ##...## #.# #.#
#.....# #.# #.# ##)..## ##
#.# #.###########.##
O.oo..o..#
#..).......######o##########
##########.sO...o.#
##########


You could see an ogre and 2 orcs.

Vanquished Creatures
  Jessica (D:2)
  3 adders
  A worm (D:2)
  A dart slug (D:1)
  3 leopard geckos (D:3)
  2 orcs (D:3)
  6 giant cockroaches
  7 goblins
  7 hobgoblins
  9 jackals
  10 kobolds
  A quokka (D:2)
  2 ball pythons (D:1)
  5 bats
  5 frilled lizards
  5 rats
  A fungus (D:2)
69 creatures vanquished.

Notes
Turn   | Place    | Note
-------+----------+-------------------------------------------
     0 | D:1      | DimondSprtn the Octopode Transmuter began the quest for the
                  | Orb.
     0 | D:1      | Reached XP level 1. HP: 13/13 MP: 3/3
   229 | D:1      | Reached XP level 2. HP: 16/18 MP: 5/5
   252 | D:1      | Learned a level 2 spell: Sticks to Snakes
   714 | D:2      | Reached XP level 3. HP: 23/23 MP: 2/6
   719 | D:2      | Learned a level 3 spell: Spider Form
   757 | D:2      | Noticed Jessica
  1037 | D:2      | Killed Jessica
  1231 | D:2      | Reached XP level 4. HP: 29/29 MP: 5/7
  1545 | D:2      | Found a sacrificial altar of Ru.
  1590 | D:2      | Became a worshipper of Ru the Awakened
  2280 | D:3      | Noticed an ogre
  2444 | D:3      | Found a transporter.
  2444 | D:3      | Noticed silentkaos13's ghost (amateur DsNe)
  2459 | D:3      | Reached skill level 4 in Unarmed Combat
  2459 | D:3      | Reached XP level 5. HP: 34/34 MP: 6/8
  2815 | D:3      | Found a transporter.
  3082 | D:3      | Gained mutation: You cannot be stealthy. [Ru sacrifice]
  3148 | D:3      | Slain by an ogre

Skill      XL: |  1  2  3  4 |
---------------+-------------+-----
Transmutations | 3 |  3.4
Fighting       | 2 |  2.0
Unarmed Combat | 4 |  4.0
Dodging        | |  2.6
Spellcasting   | |  2.0

Action                   |  1- 3 |  4- 6 || total
-------------------------+-------+-------++-------
Melee: Unarmed           |    48 |   110 ||   158
       Constrict         |    13 |    15 ||    28
       Kick              |    10 |    13 ||    23
       Tentacles         |     3 |     6 ||     9
       Punch             |     1 |       ||     1
 Cast: Beastly Appendage |    13 |    17 ||    30
       Sticks to Snakes  |     1 |       ||     1
       Spider Form       |     1 |     7 ||     8
Invok: Sacrifice Stealth |       |     1 ||     1
  Use: Scroll            |     2 |     3 ||     5
       Potion            |     1 |       ||     1
 Stab: Sleeping          |     1 |     8 ||     9
  Eat: Chunk             |     2 |     7 ||     9
Armor: Skin              |     5 |     5 ||    10
Dodge: Dodged            |    36 |    55 ||    91
